 Dungeon Crawl Stone Soup version 0.29.1-15-g9cfb28693d (webtiles) character file.

Game seed: 4615429849813662792

211022 xSliceyx the Acrobat (level 19, -6/150 HPs)
             Began as a Djinni Hedge Wizard on Feb 21, 2023.
             Was the Champion of Makhleb.
             Killed from afar by Boris (84 damage)
             ... with a bolt of cold
             ... on level 4 of the Vaults on Feb 23, 2023.
             The game lasted 04:47:46 (43018 turns).

xSliceyx the Acrobat (Djinni Hedge Wizard)         Turns: 43018, Time: 04:48:12

Health: -6/150     AC: 18    Str:  9      XL:     19   Next: 59%
Gold:   202        EV: 28    Int: 27 (28) God:    Makhleb [******] SH: 13 Dex: 16 (17)

rFire   + + +      SeeInvis .   m - +4 sling of Avoukag {flame, +Blink Will+ Dex+2}
rCold   x . .      Faith    .   v - +3 buckler of Follow the Leader {rElec rF+ rN+ Slay-3}
rNeg    + . .      Spirit   .   H - +4 troll leather armour
rPois   ∞          Reflect  +   R - +2 helmet
rElec   +          Harm     .   B - +2 cloak
rCorr   .          Rampage  .   Y - +1 pair of gloves of Ennui {Regen+ Dex+2}
Will    ++...                   (boots unavailable)
Stlth   ++........              g - amulet of reflection
HPRegen 1.95/turn               O - ring of Wisdom {EV+4 Int+4}
MPRegen 0.00/turn               c - ring of wizardry

@: about to teleport, frozen, spewing sludge, freezing walls, flying, very slow
A: sickness immunity, fire resistance 2, cold vulnerability 1, float, innate
caster, HP casting, extra vitality 1, deterioration 1, screaming 1
}: 1/15 runes: decaying
a: Renounce Religion, Evoke Blink, Minor Destruction, Lesser Servant of Makhleb,
Major Destruction, Greater Servant of Makhleb


You were on level 4 of the Vaults.
You worshipped Makhleb.
Makhleb was exalted by your worship.
You visited 6 branches of the dungeon, and saw 30 of its levels.
You also visited: Trove, Bailey and Ice Cave.

You collected 4748 gold pieces.
You spent 4546 gold pieces at shops.

Inventory:

Hand Weapons
 j - the +5 spear of Collusion {venom, rN+++ rCorr Str-3 Stlth+}
   (You found it in a bailey)

   It poisons the flesh of those it strikes.
   Str:       It affects your strength (-3).
   rN:        It renders you almost immune to negative energy.
   rCorr:     It protects you from acid and corrosion.
   Stlth:     It makes you more stealthy.
 m - the +4 sling of Avoukag (weapon) {flame, +Blink Will+ Dex+2}
   (You found it on level 2 of the Dungeon)

   Any ammunition fired from it burns those it strikes, dealing additional fire
   damage.
   Dex:       It affects your dexterity (+2).
   +Blink:    It lets you blink.
   Will:      It increases your willpower.
Missiles
 a - 3 throwing nets
 r - 21 javelins
 J - 5 atropa-tipped darts
 T - 9 curare-tipped darts
Armour
 n - a +0 kite shield of cold resistance
 v - the +3 buckler of Follow the Leader (worn) {rElec rF+ rN+ Slay-3}
   (You acquired it in a bailey)

   Slay:      It affects your accuracy & damage with ranged weapons and melee
   (-3).
   rF:        It protects you from fire.
   rElec:     It insulates you from electricity.
   rN:        It protects you from negative energy.
 B - a +2 cloak (worn)
 H - a +4 troll leather armour (worn)
 R - a +2 helmet (worn)
 Y - the +1 pair of gloves of Ennui (worn) {Regen+ Dex+2}
   (You found it in a treasure trove)

   Dex:       It affects your dexterity (+2).
   Regen:     It increases your rate of health regeneration.
Jewellery
 c - a ring of wizardry (right hand)
 g - an amulet of reflection (around neck)
 O - the ring of Wisdom (left hand) {EV+4 Int+4}
   (You bought it in a shop on level 5 of the Dungeon)

   [ring of evasion]

   EV:        It affects your evasion (+4).
   Int:       It affects your intelligence (+4).
Wands
 o - a wand of iceblast (14)
 w - a wand of flame (95)
 x - a wand of polymorph (6)
 D - a wand of charming (28)
 F - a wand of light (31)
 P - a wand of digging (5)
 U - a wand of mindburst (8)
Scrolls
 e - 4 scrolls of blinking
 k - 8 scrolls of poison
 l - 2 scrolls of summoning
 p - 16 scrolls of teleportation
 q - 3 scrolls of butterflies
 s - 2 scrolls of fear
 y - 2 scrolls of silence
 C - a scroll of torment
 L - a scroll of brand weapon
Potions
 d - 14 potions of curing
 f - 5 potions of lignification
 h - 2 potions of invisibility
 i - 10 potions of heal wounds
 t - 3 potions of might
 z - 3 potions of cancellation
 A - 3 potions of mutation
 E - 7 potions of brilliance
 G - 5 potions of resistance
 I - 2 potions of experience
 N - 7 potions of haste
 S - 2 potions of attraction {unknown}
Miscellaneous
 b - a phial of floods
 u - a box of beasts
 K - a condenser vane


   Skills:
 - Level 18.0 Fighting
 - Level 3.0 Ranged Weapons
 - Level 7.0 Armour
 - Level 22.4 Dodging
 - Level 1.5 Stealth
 - Level 5.0 Shields
 + Level 15.0 Spellcasting
 - Level 4.0 Invocations
 - Level 4.0 Evocations


You couldn't memorise any spells.
You knew the following spells:

 Your Spells              Type           Power      Damage    Failure   Level
a - Magic Dart            Conj           100%       1d8       0%          1
b - Blink                 Tloc           100%       N/A       0%          2
c - Call Imp              Summ           79%        N/A       0%          2
d - Slow                  Hex            100%       N/A       0%          1
e - Conjure Flame         Conj/Fire      79%        6-21      1%          3
f - Mephitic Cloud        Conj/Pois/Air  79%        N/A       1%          3
g - Summon Small Mammal   Summ           100%       N/A       0%          1
h - Static Discharge      Conj/Air       79%        3-13/arc  0%          2
i - Lesser Beckoning      Tloc           79%        N/A       1%          3
j - Frozen Ramparts       Ice            100%       1d16      1%          3
k - Lightning Bolt        Conj/Air       39%        1d58      1%          5
l - Yara's Violent Unrav  Hex/Tmut       39%        3d16      1%          5
m - Eringya's Noxious Bo  Tmut/Pois      39%        N/A       1%          6
n - Storm Form            Tmut/Air       39%        N/A       3%          7
o - Dragon Form           Tmut           39%        N/A       3%          7
Your spell library was empty.

Dungeon Overview and Level Annotations

Branches:
Dungeon (15/15)            Temple (1/1) D:4            Lair (5/5) D:9
  Swamp (4/4) Lair:2       Spider (0/4) Lair:2        Slime (0/5) Lair:5
    Orc (2/2) D:10            Elf (0/3) Orc:2        Vaults (2/5) D:14
 Depths (0/4) D:15         Bailey (visited)           IceCv (visited)
  Crypt: Vaults:2-3

Altars:
Ashenzari
Cheibriados
Dithmenos
Elyvilon
Fedhas
Gozag
Hepliaklqana
Makhleb
Nemelex Xobeh
Okawaru
Qazlal
Ru
Trog
Uskayaw
Wu Jian
Xom
Yredelemnul
Zin
The Shining One
Jiyva

Shops:
D:1 !   D:3 ?   D:5 =   D:10 *(   Orc:1 =   Orc:2 :!![   Vaults:1 !

Annotations:
D:15 Louise
Vaults:4 Boris


Innate Abilities, Weirdness & Mutations

You are immune to sickness and miasma.
You are immune to poison.
Your flesh is very heat resistant. (rF++)
You are vulnerable to cold. (rC-)
You float through the air rather than walking.
You learn spells naturally, not from books.
Your magical power is your life essence.
You have superior vitality. (+4 MHP)
Your body sometimes deteriorates upon taking damage.
You occasionally shout uncontrollably at your foes.


Message History

The wall freezes something but does no damage.
Casting: Lightning Bolt (safe; 1% risk of failure)
Confirm with . or Enter, or press ? or * to list all spells.
Aiming: Lightning Bolt (safe; 1% risk of failure)
Press: ? - help, Shift-Dir - straight line, f/p - ironbound frostheart
Aim: an ironbound frostheart, wearing a +0 scale mail (69% to hit)
You hear a mighty clap of thunder!
The bolt of lightning hits something but does no damage.
The bolt of lightning hits the ironbound frostheart!!
The ironbound frostheart is moderately wounded.
You hear a shout!
The wall freezes something but does no damage.
Something hits you. Something closely misses you.
Casting: Lightning Bolt (safe; 1% risk of failure)
Confirm with . or Enter, or press ? or * to list all spells.
Aiming: Lightning Bolt (safe; 1% risk of failure)
Press: ? - help, Shift-Dir - straight line, f/p - ironbound frostheart
Aim: an ironbound frostheart, wearing a +0 scale mail (moderately wounded, 69% to hit)
You hear a mighty clap of thunder!
The bolt of lightning hits something.
The bolt of lightning hits the ironbound frostheart!
The ironbound frostheart is severely wounded.
The ironbound frostheart calls freezing cold from the walls.
The frost grips you!!
You feel a painful chill!
Your body deteriorates!
You feel clumsy.
You are encased in ice.
An ironbound preserver comes into view. It is wielding a +0 flail.
A vault warden comes into view. It is wielding a +0 battleaxe.
The wall freezes something but does no damage.
Something hits you! Something touches you!
As you read the scroll of teleportation, it crumbles to dust.
You feel strangely unstable.
A vault guard comes into view. It is wielding a +0 bardiche.
The ironbound frostheart calls freezing cold from the walls.
The frost grips you!
You feel a painful chill!
The wall freezes something but does no damage.
You hear some strange, mumbled words.
A bolt of cold appears from out of thin air!
The bolt of cold hits you!!!!
You feel a terrible chill!
Ouch! That really hurt!
You die...

#######...#
....).....#
..........#
...~~~~~~.#
p..~~~~~~.#
.p.~~~~~~.#
.pp...{~~.#
#@~.# #.~.#
#.~.# #.~.#
#.~.# #...#
#...#
#########...#
#.......#...#


You could see an ironbound preserver, a vault warden, a vault guard and an
ironbound frostheart.

Vanquished Creatures
  A tentacled monstrosity (Swamp:4)
  A lich (IceCv)
  The ghost of booth the Bludgeoner, an adept GrMo of Ashenzari (Swamp:4)
  A sphinx (Vaults:1)
  4 thorn hunters
  A shadow dragon (Vaults:1)
  The ghost of tkbsonic5 the Fighter, a journeyman PaBe of Trog (Orc:1)
  3 fenstrider witches (Swamp:4)
  The ghost of Jingleheimer the Fencer, a journeyman MiFi of the Shining One (Orc:1)
  The ghost of Jingleheimer the Warrior, a journeyman MiFi of Gozag (Orc:1)
  4 ghouls
  Aizul (Swamp:4)
  4 very ugly things
  2 reapers (Swamp:4)
  4 ironbound preservers
  Azrael (D:12)
  An entropy weaver (Vaults:2)
  An ironbound thunderhulk (Vaults:2)
  2 deep elf annihilators
  A dire elephant (Lair:5)
  7 bunyips
  The ghost of TehGamerNoob the Blocker, a journeyman DrBe of Trog (Lair:3)
  3 eleionomae
  Snorg (D:14)
  Josephine (D:10)
  A great orb of eyes (Vaults:1)
  A deep elf death mage (Vaults:1)
  2 ettins
  The ghost of ueste the Summoner, a journeyman MfSu of Hepliaklqana (Orc:1)
  Erolcha (Orc:2)
  The ghost of Jingleheimer the Slicer, a journeyman MiFi of Gozag (D:11)
  A merfolk avatar (Lair:5)
  3 shambling mangroves (Swamp:4)
  A caustic shrike simulacrum (IceCv)
  9 hydras
  5 boulder beetles
  7 centaur warriors
  4 two-headed ogres
  Erica (Lair:2)
  2 ghost crabs
  3 ironbound frosthearts
  A catoblepas (Lair:5)
  A death yak (shapeshifter) (Vaults:1)
  The ghost of BeingJoeMalik the Spear-Bearer, a journeyman TeGl of Okawaru (Orc:1)
  A death knight (D:14)
  6 ogre magi
  15 alligators
  A dancing weapon (Swamp:4)
  A spriggan berserker (Swamp:4)
  A tengu warrior (D:13)
  A soul eater (Swamp:4)
  Nergalle (Orc:2)
  Amaemon (D:10)
  4 goliath frogs
  A fire crab (Lair:5)
  13 deep trolls
  2 sea snakes (Lair:5)
  Lodul (D:13)
  3 spriggan druids
  A spriggan simulacrum (IceCv)
  11 bog bodies
  6 wizards
  3 lindwurms (Vaults:2)
  An obsidian statue (IceCv)
  7 swamp dragons
  8 ironbound convokers
  3 deep elf pyromancers
  4 harpies
  2 necromancers
  A wolf spider zombie (D:15)
  An orc knight (D:15)
  A phantasmal warrior (Vaults:1)
  An oklob plant (Lair:4)
  15 ugly things
  A deep elf zephyrmancer (Swamp:4)
  9 orc sorcerers
  4 will-o-the-wisps
  5 cyclopes
  A cyclops (shapeshifter) (D:14)
  7 manticores
  12 elephants (Lair:5)
  2 black mambas
  7 vault sentinels
  A centaur zombie (D:15)
  2 naga magi (D:15)
  Joseph (D:7)
  Maurice (D:10)
  A gargoyle (D:10)
  2 centaur skeletons (D:15)
  2 orange demons
  15 cane toads
  4 kobold demonologists
  An unseen horror (D:13)
  6 rime drakes
  19 freezing wraiths
  2 yaktaurs
  8 komodo dragons
  2 ice devils (IceCv)
  2 hellwings (Swamp:4)
  2 golden dragon simulacra (IceCv)
  A tengu conjurer (D:14)
  8 trolls
  4 anaconda simulacra (IceCv)
  A queen bee (D:14)
  A bloated husk (Swamp:1)
  6 meliai (D:14)
  5 polar bears
  Grinder (D:5)
  Prince Ribbit (D:7)
  4 tyrant leeches
  21 hornets
  A wind drake (Lair:5)
  12 slime creatures
  22 blink frogs
  9 dream sheep
  2 centaur simulacra
  4 water elementals (D:11)
  A ynoxinul (D:11)
  A culicivora (shapeshifter) (D:14)
  Sigmund (D:3)
  3 shadows
  5 wraiths
  13 spriggans
  3 wyverns
  4 basilisks
  Eustachio (D:5)
  A dire elephant simulacrum (IceCv)
  A fire elemental (D:12)
  A vampire (D:12)
  48 yaks
  3 steam dragons
  14 vampire mosquitoes
  5 redbacks
  Menkaure (D:6)
  3 neqoxecs (Swamp:4)
  2 minotaur simulacra (IceCv)
  2 harpy simulacra (IceCv)
  5 swamp worms
  A warg (Orc:2)
  12 water moccasins
  4 hydra simulacra (IceCv)
  An acid dragon (D:11)
  3 hell hounds (D:12)
  23 orc warriors
  An ice beast (D:7)
  3 sky beasts
  5 alligator simulacra (IceCv)
  2 ettin simulacra (IceCv)
  4 black bears
  8 centaurs
  10 boggarts
  10 wolves
  14 ogres
  4 phantoms
  5 kobold brigands
  17 bullfrogs
  2 gnoll sergeants
  A deep troll simulacrum (IceCv)
  3 scorpions
  3 wights (D:8)
  39 killer bees
  3 lindwurm simulacra (IceCv)
  A troll zombie (D:10)
  4 electric eels
  4 howler monkeys
  5 hounds
  2 jellies
  13 orc priests
  4 gnoll boudas
  28 orc wizards
  5 iguanas
  5 ogre zombies (D:10)
  A boggart simulacrum (D:14)
  25 gnolls
  7 adders
  A shadow imp (D:7)
  3 white imps
  2 dart slugs (D:1)
  71 orcs
  6 ball pythons
  5 bats
  3 endoplasms
  4 giant cockroaches
  9 goblins
  15 hobgoblins
  2 jackals (D:10)
  2 quokkas
  4 frilled lizards
  2 goblin skeletons (D:10)
  A goblin zombie (D:10)
  A hobgoblin skeleton (D:10)
  27 kobolds
  An orc skeleton (D:10)
  12 orc zombies (D:10)
  4 rats
  A briar patch (Swamp:3)
1010 creatures vanquished.

Vanquished Creatures (collateral kills)
  An orc skeleton (D:10)
  An orc zombie (D:10)
2 creatures vanquished.

Vanquished Creatures (others)
  A gnoll sergeant (D:6)
  5 briar patches
  3 foxfires (Swamp:4)
  75 fungi
  102 plants
186 creatures vanquished.

Grand Total: 1198 creatures vanquished

Notes
Turn   | Place    | Note
-------+----------+-------------------------------------------
     0 | D:1      | xSliceyx the Djinni Hedge Wizard began the quest for the
                  | Orb.
     0 | D:1      | xSliceyx set off with the following spells memorised: Magic
                  | Dart, Blink, Call Imp, Slow, Conjure Flame, Mephitic Cloud.
     0 | D:1      | Reached XP level 1. HP: 15/15 MP: 0/0
   218 | D:1      | Reached XP level 2. HP: 18/21 MP: 0/0
   261 | D:1      | Found Wiyl's Distillery.
   409 | D:1      | Bought a potion of curing for 30 gold pieces
   575 | D:1      | Found a faded altar of an unknown god.
   997 | D:1      | Reached XP level 3. HP: 24/25 MP: 0/0
   997 | D:1      | Learned a level 1 spell: Summon Small Mammal
  1994 | D:2      | Identified the +4 sling of Avoukag {flame, +Blink Will+
                  | Dex+2}
  2366 | D:3      | Reached XP level 4. HP: 31/31 MP: 0/0
  2564 | D:3      | Noticed Sigmund
  2580 | D:3      | Killed Sigmund
  2581 | D:3      | Reached XP level 5. HP: 23/35 MP: 0/0
  2581 | D:3      | Learned a level 2 spell: Static Discharge
  2581 | D:3      | Reached XP level 6. HP: 27/40 MP: 0/0
  2726 | D:3      | Found Konipuis's Magic Scroll Emporium.
  2740 | D:3      | Bought a scroll of teleportation for 39 gold pieces
  2740 | D:3      | Bought a scroll of fear for 52 gold pieces
  2747 | D:3      | Reached skill level 5 in Spellcasting
  3092 | D:3      | Found an opulent altar of Gozag.
  3525 | D:4      | Reached XP level 7. HP: 45/45 MP: 0/0
  3525 | D:4      | Learned a level 3 spell: Lesser Beckoning
  3548 | D:4      | Found a staircase to the Ecumenical Temple.
  3555 | Temple   | Entered the Ecumenical Temple
  3758 | D:4      | Identified the +2 leather armour of Yprogem {Rampage rF+
                  | rCorr}
  4088 | D:4      | Reached skill level 1 in Ranged Weapons
  4373 | D:5      | Entered Level 5 of the Dungeon
  4392 | D:5      | Found a basalt altar of Yredelemnul.
  4441 | D:5      | Noticed Eustachio
  4462 | D:5      | Killed Eustachio
  4483 | D:5      | Noticed Grinder
  4639 | D:5      | Killed Grinder
  4640 | D:5      | Reached XP level 8. HP: 42/56 MP: 0/0
  4835 | D:5      | You are sucked into a shaft and drop 1 floor!
  4871 | D:6      | Noticed Menkaure
  4878 | D:6      | Killed Menkaure
  4883 | D:6      | Reached skill level 3 in Dodging
  5143 | D:6      | Noticed a hornet
  5149 | D:6      | Killed a hornet
  5150 | D:6      | Reached skill level 5 in Dodging
  5150 | D:6      | Reached XP level 9. HP: 51/62 MP: 0/0
  5150 | D:6      | Learned a level 3 spell: Frozen Ramparts
  5393 | D:6      | Reached skill level 6 in Dodging
  5730 | D:6      | Reached skill level 7 in Dodging
  6307 | D:5      | Found a burning altar of Makhleb.
  6310 | D:5      | Became a worshipper of Makhleb the Destroyer
  6603 | D:5      | Reached skill level 8 in Dodging
  6631 | D:5      | Found Poilale's Jewellery Shop.
  6942 | D:5      | Found an iron altar of Okawaru.
  7272 | D:5      | Found a white marble altar of Elyvilon.
  7938 | D:6      | Found a hazy altar of Hepliaklqana.
  8097 | D:7      | Reached skill level 9 in Dodging
  8150 | D:7      | Noticed Joseph
  8151 | D:7      | Reached XP level 10. HP: 37/67 MP: 0/0
  8177 | D:7      | Reached skill level 10 in Dodging
  8354 | D:7      | Found a flagged portal.
  8363 | Bailey   | Entered a bailey
  8757 | Bailey   | Noticed a kobold demonologist
  8761 | Bailey   | Noticed an ice devil
  9051 | Bailey   | Noticed a rust devil
  9058 | Bailey   | Killed a kobold demonologist
  9366 | Bailey   | Reached skill level 5 in Fighting
  9565 | Bailey   | Found an iron altar of Okawaru.
 10059 | Bailey   | Noticed a kobold demonologist
 10069 | Bailey   | Killed a kobold demonologist
 10152 | Bailey   | Found the +3 pair of mountain boots {steadfast, rC+}
 10162 | Bailey   | Identified the +5 spear of Collusion {venom, rN+++ rCorr
                  | Str-3 Stlth+}
 10256 | Bailey   | Acquired the +3 buckler of Follow the Leader {rElec rF+ rN+
                  | Slay-3}
 10400 | D:7      | Noticed Prince Ribbit
 10565 | D:7      | Reached skill level 1 in Shields
 10626 | D:7      | Killed Prince Ribbit
 11014 | D:7      | Killed Joseph
 11600 | D:8      | Reached * piety under Makhleb
 11905 | D:8      | Reached XP level 11. HP: 59/79 MP: 0/0
 11905 | D:8      | Learned a level 5 spell: Lightning Bolt
 11994 | D:8      | Found a shadowy altar of Dithmenos.
 12212 | D:8      | Reached skill level 5 in Shields
 12351 | D:8      | Found a snail-covered altar of Cheibriados.
 12566 | D:8      | Found a broken altar of Ashenzari.
 13358 | D:9      | Reached ** piety under Makhleb
 13656 | D:9      | Found a shimmering altar of Xom.
 13659 | D:9      | Found a sparkling altar of Nemelex Xobeh.
 13663 | D:9      | Found a bloodstained altar of Trog.
 13963 | D:9      | Found a staircase to the Lair.
 14020 | D:9      | Found an ornate altar of the Wu Jian Council.
 14024 | D:9      | Found a glowing silver altar of Zin.
 14429 | Lair:1   | Entered Level 1 of the Lair of Beasts
 14560 | D:10     | Entered Level 10 of the Dungeon
 14565 | D:10     | Noticed Amaemon
 14577 | D:10     | Killed Amaemon
 14877 | D:10     | Noticed Josephine
 14883 | D:10     | Killed Josephine
 14884 | D:10     | Reached skill level 1 in Evocations
 14884 | D:10     | Reached XP level 12. HP: 38/89 MP: 0/0
 15292 | D:10     | Reached *** piety under Makhleb
 15617 | D:10     | Found a staircase to the Orcish Mines.
 15715 | D:10     | Noticed Maurice
 15809 | D:10     | Killed Maurice
 17208 | Lair:1   | Reached **** piety under Makhleb
 17214 | Lair:1   | Reached skill level 10 in Spellcasting
 18042 | D:10     | Found Uliris's Weapon Shop.
 18130 | D:10     | Found Lys Irchu's General Store.
 18137 | D:10     | Bought 3 curare-tipped darts for 23 gold pieces
 18339 | D:3      | Bought a scroll of acquirement for 676 gold pieces
 18340 | D:3      | Acquired a manual of Fighting
 18573 | Lair:2   | Reached skill level 10 in Fighting
 18768 | Lair:2   | Reached XP level 13. HP: 88/99 MP: 0/0
 18768 | Lair:2   | Learned a level 5 spell: Yara's Violent Unravelling
 18772 | Lair:2   | Noticed a six-headed hydra
 18776 | Lair:2   | Killed a six-headed hydra
 18850 | Lair:2   | Noticed Erica
 18854 | Lair:2   | Killed Erica
 19254 | Lair:2   | Found a hole to the Spider Nest.
 19309 | Lair:2   | Noticed a four-headed hydra
 19313 | Lair:2   | Killed a four-headed hydra
 19579 | Lair:2   | Reached skill level 15 in Fighting
 19736 | Lair:2   | Found a staircase to the Swamp.
 19849 | Lair:2   | Acquired 631 gold pieces
 19979 | D:5      | Bought the ring of Wisdom {EV+4 Int+4} for 668 gold pieces
 20616 | Lair:3   | Found a runed translucent door.
 20616 | Lair:3   | Noticed TehGamerNoob's ghost (journeyman DrBe)
 20618 | Lair:3   | Identified the +10 spear of Xepidam {vorpal, Dex+5 SInv}
 20795 | Lair:3   | Found a glowing silver altar of Zin.
 20800 | Lair:3   | Identified the +5 rapier "Enepu" {venom, rF+ Stlth+}
 21903 | Lair:4   | Reached ***** piety under Makhleb
 22111 | Lair:4   | Noticed a four-headed hydra
 22118 | Lair:4   | Killed a four-headed hydra
 22934 | Lair:5   | Entered Level 5 of the Lair of Beasts
 22934 | Lair:5   | Noticed a four-headed hydra
 22940 | Lair:5   | Killed a four-headed hydra
 23049 | Lair:5   | Noticed a catoblepas
 23117 | Lair:5   | Noticed a boulder beetle
 23120 | Lair:5   | Killed a boulder beetle
 23126 | Lair:5   | Reached XP level 14. HP: 103/119 MP: 0/0
 23785 | Lair:5   | Reached skill level 1 in Armour
 24088 | Lair:5   | Reached skill level 5 in Armour
 24427 | Lair:5   | Noticed a dire elephant
 24460 | Lair:5   | Killed a dire elephant
 25049 | Lair:5   | Identified the +9 chain mail of Autumn {rElec Dex+5}
 25117 | Lair:5   | Found a staircase to the Slime Pits.
 25117 | Lair:5   | Found a viscous altar of Jiyva.
 25808 | D:10     | Bought a potion of mutation for 104 gold pieces
 25808 | D:10     | Bought a potion of curing for 39 gold pieces
 25808 | D:10     | Bought a scroll of identify for 26 gold pieces
 25808 | D:10     | Bought a scroll of teleportation for 39 gold pieces
 25931 | Orc:1    | Entered Level 1 of the Orcish Mines
 25977 | Orc:1    | Reached XP level 15. HP: 126/126 MP: 0/0
 25977 | Orc:1    | Learned a level 6 spell: Eringya's Noxious Bog
 26031 | Orc:1    | Found a runed translucent gate.
 26031 | Orc:1    | Found a runed translucent gate.
 26031 | Orc:1    | Found a runed translucent gate.
 26031 | Orc:1    | Noticed Jingleheimer's ghost (journeyman MiFi)
 26031 | Orc:1    | Noticed Jingleheimer's ghost (journeyman MiFi)
 26031 | Orc:1    | Noticed BeingJoeMalik's ghost (journeyman TeGl)
 26031 | Orc:1    | Noticed tkbsonic5's ghost (journeyman PaBe)
 26033 | Orc:1    | Noticed ueste's ghost (journeyman MfSu)
 26059 | Orc:1    | Found Jisazxee's Jewellery Boutique.
 26394 | Orc:2    | Entered Level 2 of the Orcish Mines
 26428 | Orc:2    | Found a staircase to the Elven Halls.
 26739 | Orc:2    | Reached ****** piety under Makhleb
 27273 | Orc:2    | Found Qutaoh's Distillery.
 27296 | Orc:2    | Noticed Erolcha
 27301 | Orc:2    | Killed Erolcha
 27434 | Orc:2    | Noticed Nergalle
 27442 | Orc:2    | Killed Nergalle
 27816 | Orc:2    | Found Motunn's Distillery.
 27821 | Orc:2    | Found Mielecin's Book Emporium.
 27865 | Orc:2    | Found Jomonig's Antique Armour Emporium.
 27931 | Orc:2    | Bought a potion of cancellation for 104 gold pieces
 27931 | Orc:2    | Bought a potion of heal wounds for 65 gold pieces
 27931 | Orc:2    | Bought a potion of heal wounds for 65 gold pieces
 27931 | Orc:2    | Bought a potion of brilliance for 52 gold pieces
 27931 | Orc:2    | Bought a potion of cancellation for 104 gold pieces
 27931 | Orc:2    | Bought a potion of curing for 39 gold pieces
 27931 | Orc:2    | Bought a potion of brilliance for 52 gold pieces
 27931 | Orc:2    | Bought a potion of haste for 130 gold pieces
 29082 | D:11     | Noticed Jingleheimer's ghost (journeyman MiFi)
 29273 | D:11     | Found a runed translucent door.
 29791 | D:12     | Noticed Azrael
 29796 | D:12     | Killed Azrael
 31098 | D:13     | Noticed Lodul
 31107 | D:13     | Killed Lodul
 31734 | D:14     | Found a gate to the Vaults.
 31796 | D:14     | Reached XP level 16. HP: 70/132 MP: 0/0
 31993 | D:14     | Noticed Snorg
 31999 | D:14     | Killed Snorg
 33299 | Orc:1    | Killed BeingJoeMalik's ghost
 33317 | Orc:1    | Killed tkbsonic5's ghost
 33333 | Orc:1    | Killed Jingleheimer's ghost
 33490 | Orc:1    | Killed ueste's ghost
 33632 | Orc:1    | Killed Jingleheimer's ghost
 33821 | Orc:1    | Identified the ring of Moderation {rCorr MP+9}
 34026 | D:15     | Entered Level 15 of the Dungeon
 34043 | D:15     | Found a portal to a secret trove of treasure.
 34345 | D:3      | Bought a scroll of enchant weapon for 97 gold pieces
 34345 | D:3      | Bought 3 scrolls of enchant weapon for 292 gold pieces
 34385 | D:1      | Bought a potion of invisibility for 80 gold pieces
 34385 | D:1      | Bought a potion of curing for 30 gold pieces
 34385 | D:1      | Bought 2 potions of resistance for 200 gold pieces
 34385 | D:1      | Bought 2 potions of cancellation for 160 gold pieces
 34385 | D:1      | Bought a potion of mutation for 80 gold pieces
 34700 | D:15     | Reached skill level 15 in Spellcasting
 34745 | D:15     | You paid a toll of a +4 demon whip to enter a treasure
                  | trove
 34746 | Trove    | Entered a treasure trove
 34760 | Trove    | Identified the +8 dagger "Feiqabah" {spect, Will+ Str+3
                  | Dex+3}
 34765 | Trove    | Identified the +1 pair of gloves of Ennui {Regen+ Dex+2}
 34781 | Trove    | Identified the +4 morningstar "Ogreslayer" {drain, rF+ rN+
                  | Int-4}
 35193 | D:15     | Reached skill level 11 in Dodging
 35515 | D:15     | Found a staircase to the Depths.
 35756 | D:15     | Noticed Louise
 35976 | D:11     | Killed Jingleheimer's ghost
 35977 | D:11     | Reached skill level 12 in Dodging
 36141 | Lair:3   | Killed TehGamerNoob's ghost
 36343 | Swamp:1  | Entered Level 1 of the Swamp
 36432 | Swamp:1  | Reached skill level 13 in Dodging
 36432 | Swamp:1  | Reached XP level 17. HP: 93/138 MP: 0/0
 36432 | Swamp:1  | Learned a level 7 spell: Storm Form
 36464 | Swamp:1  | Found a frozen archway.
 36487 | IceCv    | Entered an ice cave
 36543 | IceCv    | Reached skill level 14 in Dodging
 36908 | IceCv    | Noticed a lich
 36909 | IceCv    | Reached skill level 15 in Dodging
 36915 | IceCv    | Killed a lich
 37571 | Swamp:1  | You are sucked into a shaft and drop 1 floor!
 37604 | Swamp:1  | Reached skill level 16 in Dodging
 38786 | Swamp:3  | Noticed a thorn hunter
 38791 | Swamp:3  | Killed a thorn hunter
 38792 | Swamp:3  | Reached skill level 17 in Dodging
 39091 | Swamp:3  | Reached XP level 18. HP: 145/145 MP: 0/0
 39122 | Swamp:3  | Reached skill level 18 in Dodging
 39470 | Swamp:4  | Entered Level 4 of the Swamp
 39480 | Swamp:4  | Gained mutation: Your body sometimes deteriorates upon
                  | taking damage. [a neqoxec]
 39497 | Swamp:4  | Noticed a tentacled monstrosity
 39514 | Swamp:4  | Killed a tentacled monstrosity
 39697 | Swamp:4  | Reached skill level 19 in Dodging
 39700 | Swamp:4  | Noticed Aizul
 39715 | Swamp:4  | Killed Aizul
 39777 | Swamp:4  | Gained mutation: You occasionally shout uncontrollably at
                  | your foes. [a neqoxec]
 39953 | Swamp:4  | Got a decaying rune of Zot
 40006 | Swamp:4  | Reached skill level 20 in Dodging
 40313 | Swamp:4  | Found a runed translucent door.
 40431 | Swamp:4  | Found a shimmering altar of Xom.
 40431 | Swamp:4  | Noticed booth's ghost (adept GrMo)
 40802 | Swamp:4  | Killed booth's ghost
 40871 | Swamp:4  | Identified the ring "Geibb" {Fire rN+}
 41157 | Vaults:1 | Entered Level 1 of the Vaults
 41271 | Vaults:1 | Found Sotoatan's Distillery.
 41279 | Vaults:1 | Bought 2 potions of experience for 1300 gold pieces
 41288 | Vaults:1 | Reached XP level 19. HP: 138/150 MP: 0/0
 41288 | Vaults:1 | Learned a level 7 spell: Dragon Form
 41299 | Vaults:1 | Reached skill level 21 in Dodging
 41723 | Vaults:1 | Noticed a caustic shrike
 41723 | Vaults:1 | a sphinx changed into a caustic shrike
 41725 | Vaults:1 | Noticed a golden dragon
 41725 | Vaults:1 | a caustic shrike changed into a golden dragon
 41741 | Vaults:1 | Noticed a golden dragon
 41741 | Vaults:1 | an iron dragon changed into a golden dragon
 41743 | Vaults:1 | a golden dragon changed into a shadow dragon
 42749 | Vaults:2 | Reached skill level 22 in Dodging
 42912 | Vaults:2 | Identified the +6 troll leather armour of the Dungeon
                  | {Regen+ rCorr Str+5 Int-5 Slay+3}
 42970 | Vaults:2 | You are sucked into a shaft and drop 2 floors!
 43012 | Vaults:4 | Noticed Boris
 43018 | Vaults:4 | Killed from afar by Boris

Illustrated notes

Levels and vault maps discovered:
D:1:      lightli_arrival_flooded_house, layout_rooms,
          hellmonk_ecumenical_altar_pennies_from_heaven, serial_shops,
          nicolae_shop_trees
D:2:      layout_basic, minmay_quantized
D:3:      layout_loops_cross, mainiacjoe_overflow_alcove_1, led_sif_book,
          serial_shops, shop, uniq_sigmund
D:4:      layout_gridville, minmay_temple_entry_arrows
D:5:      layout_loops_ring, okawaru_altar_gauntlet_db,
          mainiacjoe_overflow_cross_hatched, nicolae_elyvilon_temple_path,
          kennysheep_mini_moat, serial_shops, nicolae_shop_stone,
          serial_park_tiny_pond, minmay_misc_feat_iff, minivault_5,
          uniq_eustachio, uniq_grinder
D:6:      layout_loops_ring, nzn_hepliaklqana_mist_gate, uniq_menkaure
D:7:      layout_loops_ring, chequers_ossuary_entry_cave, enter_bailey_2,
          st_stairs_11, kennysheep_generic_room_7, uniq_joseph,
          uniq_prince_ribbit1
D:8:      layout_basic, cheibriados_altar_1, lemuel_coloured_pillars_altar,
          kennysheep_little_box
D:9:      layout_irregular_city, nicolae_overflow_hidden_temple,
          due_lair_maze_entry_diamond
D:10:     layout_cave_pools, overflow_temple_1_default, zombieorc1_lemuel,
          serial_shops, nicolae_shop_bloodbath_and_beyond, serial_gnoll_camp,
          gnoll_camp_mini_loothouse, gnoll_camp_mini_hut, gnoll_camp_mini_house,
          gnoll_camp_mini_basic, gnoll_camp_mini_shop, gnoll_camp_mini_hut,
          chequers_serial_rivers_small_b, nicolae_elevator_lobby_plus,
          uniq_maurice, uniq_josephine, uniq_amaemon
D:11:     layout_roguey, hellmonk_ghost_big_iron, nicolae_underground_beach
D:12:     layout_roguey [special_room_orc], uniq_azrael
D:13:     layout_loops_corners, uniq_lodul
D:14:     regret_index_combs_of_tragedy, layout_small_grid, david_vaults_2,
          uniq_snorg
D:15:     grunt_enter_depths_magical_seal, layout_cave_pools, enter_trove_3,
          minmay_misc_feat_enclosed, minivault_12, uniq_louise
Temple:   nicolae_temple_bog_church
Lair:1:   layout_misc_corridors
Lair:2:   layout_regular_city, minmay_swamp_entry_swarm, spider_nest_entry_webs,
          dreamdust_gnoll_shepherd, uniq_erica
Lair:3:   layout_cave_pods, ebering_ghost_funeral_grove, basic_altar,
          infiniplex_staircase_pool
Lair:4:   layout_cave_pods
Lair:5:   gammafunk_lair_ancient_temple, layout_gridlike, slime_entry_1,
          chequers_serial_rivers_small_a, st_stairs_8,
          chequers_serial_rivers_small_3
Swamp:1:  layout_basic_swamp, portal_ice_cave_entry_frozen_things,
          evilmike_swamp_ruin_house_1
Swamp:2:  layout_basic_swamp, nicolae_swamp_small_spring
Swamp:3:  layout_basic_swamp, evilmike_swamp_ruin_rubble_2,
          nicolae_swamp_oxbows, infiniplex_staircase_pool_2
Swamp:4:  nzn_swamp_witches_coven, layout_basic_swamp, ebering_ghost_xom,
          uniq_aizul
Orc:1:    layout_caves, gammafunk_ghost_cemetery, serial_shops,
          nicolae_shop_trees, mines1_david
Orc:2:    kennysheep_orc_mage_school, layout_diamond_mine
Vaults:1: v_misc_15, v_rooms_2, serial_ice_g, nicolae_vaults_little_squares_5,
          dpeg_vaults_waves, ontoclasm_vaults_eye,
          nicolae_vaults_little_squares_4, nicolae_vaults_alarming,
          hangedman_vaults_slice, layout_vaults_chaotic_city, serial_shops, shop
Vaults:2: vaults_dpeg_diagonal, nicolae_vaults_little_squares_3, v_misc_29,
          vaults_standard_mumra_x, v_misc_3, nicolae_vaults_network_quinsquares
          [nicolae_vaults_network_quincunx_subvault,
          nicolae_vaults_network_quincunx_subvault,
          nicolae_vaults_network_quincunx_subvault,
          nicolae_vaults_network_quincunx_subvault], hangedman_vaults_snaps,
          ontoclasm_vaults_ring_large, vaults_room_hallway,
          grunt_vaults_hallway_short, layout_vaults_big_cross
Vaults:4: ebering_ghost_rock_garden, v_pattern_1, hangedman_vaults_impose,
          v_misc_27, v_rooms_4, v_misc_10, nicolae_vaults_rhombus_7, v_rooms_4,
          vaults_room_door_hall, layout_vaults_quadrants, serial_shops,
          nicolae_shop_stone, uniq_frederick, uniq_boris

Skill      XL: |  1  2  3  4  5  6  7  8  9 10 11 12 13 14 15 16 17 18 19 |
---------------+----------------------------------------------------------+-----
Spellcasting   | 3 4 5 6 7 9 10 11 13 15 | 15.0
Ranged Weapons | 1 3 |  3.0
Fighting       | 3 4 7 9 11 17 18 | 18.0
Dodging        | 5 9 10 13 17 20 22 | 22.4
Shields        | 4 5 |  5.0
Evocations     | 1 4 |  4.0
Invocations    | 4 |  4.0
Armour         | 7 |  7.0
Stealth        | |  1.5

Action                   |  1- 3 |  4- 6 |  7- 9 | 10-12 | 13-15 | 16-18 | 19-21 || total
-------------------------+-------+-------+-------+-------+-------+-------+-------++-------
Melee: Spear             |       |       |       |       |       |    19 |       ||    19
       Sling             |       |       |       |       |       |     1 |       ||     1
       Unarmed           |       |       |       |       |       |       |    17 ||    17
       Tailslap          |       |       |       |       |       |       |     3 ||     3
       Bite              |       |       |       |       |       |       |     2 ||     2
 Fire: Sling             |     9 |    63 |   155 |   430 |   322 |    75 |     5 ||  1059
Throw: Dart              |       |       |       |       |     2 |       |       ||     2
 Cast: Magic Dart        |    70 |       |       |       |       |     1 |       ||    71
       Summon Small Mamm |     1 |       |       |       |     3 |     3 |       ||     7
       Slow              |       |     1 |    12 |    25 |     6 |     3 |       ||    47
       Conjure Flame     |       |     1 |    14 |    27 |     8 |    15 |     1 ||    66
       Static Discharge  |       |     3 |    21 |    97 |   133 |   139 |    19 ||   412
       Mephitic Cloud    |       |       |     6 |     6 |     7 |     4 |       ||    23
       Call Imp          |       |       |     1 |     3 |       |     1 |       ||     5
       Blink             |       |       |     1 |     2 |     1 |    17 |       ||    21
       Lesser Beckoning  |       |       |     3 |     3 |       |       |     1 ||     7
       Frozen Ramparts   |       |       |    10 |    49 |    41 |    24 |    13 ||   137
       Lightning Bolt    |       |       |       |    55 |   298 |   494 |   135 ||   982
       Eringya's Noxious |       |       |       |       |     8 |    22 |     7 ||    37
       Storm Form        |       |       |       |       |       |     2 |       ||     2
       Dragon Form       |       |       |       |       |       |       |     2 ||     2
Evoke: Wand              |       |     3 |     2 |     4 |       |     4 |       ||    13
       Box of beasts     |       |       |       |       |       |     1 |     1 ||     2
  Use: Scroll            |       |       |     7 |    11 |    10 |    18 |     2 ||    48
       Potion            |       |       |     1 |     3 |     1 |     6 |     5 ||    16
 Stab: Invisible         |       |       |       |       |       |     2 |       ||     2
Armor: Robe              |     1 |     1 |     6 |    15 |    18 |       |       ||    41
       Leather armour    |       |       |       |       |    10 |       |       ||    10
       Troll leather arm |       |       |       |       |     4 |    64 |     6 ||    74
Dodge: Dodged            |     8 |     8 |    35 |   100 |    88 |   208 |    50 ||   497
Block: Buckler           |       |       |       |    44 |   100 |   221 |    22 ||   387
       Reflection        |       |       |       |       |    12 |    14 |     1 ||    27
       Kite shield       |       |       |       |       |       |    11 |       ||    11
       Other             |       |       |       |       |       |       |     4 ||     4
